 Dungeon Crawl Stone Soup version 0.28-a0-1412-gf95308ed99 (webtiles) character file.

Game seed: 2512600725523302040

2075 HallandMoats the Skirmisher (level 9, -7/78 HPs)
             Began as a Ghoul Fighter on Jan 6, 2022.
             Was an Initiate of Qazlal.
             Mangled by an ogre (14 damage)
             ... on level 6 of the Dungeon.
             The game lasted 00:06:53 (6179 turns).

HallandMoats the Skirmisher (Ghoul Fighter)         Turns: 6179, Time: 00:06:54

Health: -7/78      AC:  8    Str: 20    XL:     9   Next: 26%
Magic:  11/11      EV: 11    Int:  3    God:    Qazlal [......]
Gold:   304        SH:  5    Dex: 12    Spells: 8/8 levels left

rFire   . . .      SeeInvis .   b - +4 spear (flame)
rCold   + . .      Faith    .   c - +0 buckler
rNeg    + + +      Spirit   .   d - +0 scale mail
rPois   ∞          Reflect  .   (no helmet)
rElec   .          Harm     .   o - +0 cloak
rCorr   .          Rampage  .   (no gloves)
Will    .....                   (no boots)
Stlth   ..........              (no amulet)
HPRegen 0.00/turn               (no ring)
MPRegen 0.12/turn               (no ring)

@: inhibited regen, fire susceptible
A: claws 1, cold resistance 1, negative energy resistance 3, inhibited
regeneration, torment resistance 2
a: Renounce Religion


You were on level 6 of the Dungeon.
You worshipped Qazlal.
Qazlal was noncommittal.
You visited 2 branches of the dungeon, and saw 7 of its levels.

You collected 304 gold pieces.

Inventory:

Hand Weapons
 a - a +0 war axe
 b - a +4 spear of flaming (weapon)
Armour
 c - a +0 buckler (worn)
 d - a +0 scale mail (worn)
 o - a +0 cloak (worn)
Jewellery
 x - an amulet of magic regeneration
Wands
 p - a wand of digging (3)
 r - a wand of iceblast (9)
Scrolls
 e - a scroll of noise {unknown}
 g - a scroll of blinking {unknown}
 j - 2 scrolls of teleportation {unknown}
 k - 3 scrolls of immolation {unknown}
 l - a scroll of torment {unknown}
 t - a scroll of identify {unknown}
 u - a scroll of enchant weapon {unknown}
Potions
 f - a potion of heal wounds {unknown}
 h - 5 potions of attraction {unknown}
 i - 2 potions of ambrosia {unknown}
 m - 2 potions of brilliance {unknown}
 n - a potion of magic {unknown}
 q - 2 potions of curing {unknown}
 s - a potion of berserk rage {unknown}
 v - a potion of degeneration {unknown}
 w - a potion of flight {unknown}
 z - a potion of haste {unknown}


   Skills:
 + Level 6.5 Fighting
 + Level 5.0 Axes
 + Level 5.5 Armour
 + Level 4.5 Dodging
 - Level 4.0 Shields
 + Level 4.9 Invocations


You had 8 spell levels left.
You didn't know any spells.
Your spell library contained the following spells:

 Spells                   Type           Power      Damage    Failure   Level
 Shock                    Conj/Air       0%         1d3       91%         1
 Swiftness                Air            0%         N/A       99%         3
 Airstrike                Air            0%         N/A       100%        4


Dungeon Overview and Level Annotations

Branches:
Dungeon (6/15)             Temple (1/1) D:6

Altars:
Fedhas
Hepliaklqana
Makhleb
Qazlal
Trog
Uskayaw
Zin
Ignis

Annotations:
D:6 3 runed translucent doors, spaghetti's ghost, novice GnWn


Innate Abilities, Weirdness & Mutations

You thrive by killing the living.
You are immune to poison.
You have sharp fingernails.
Your flesh is cold resistant. (rC+)
You are immune to negative energy. (rN+++)
You do not regenerate when monsters are visible.
You are immune to unholy pain and torment.


Message History

Ignis blazes with a vengeful fury!
Ignis burns away your resistance to fire.
Found a bloodstained altar of Trog.
Found a hazy altar of Hepliaklqana.
Found a burning altar of Makhleb.
There is a stormy altar of Qazlal here.
You kneel at the altar of Qazlal.
Qazlal welcomes you!
Qazlal grants you and your divine allies immunity to clouds.
There is a staircase back to the Dungeon here.
You climb upwards.
Welcome back to the Dungeon!
Level annotation: 3 runed translucent doors, spaghetti's ghost, novice GnWn The ogre hits you with a +0 giant club! x2
There is a staircase to the Ecumenical Temple here.
You hit the ogre. You burn the ogre.
The ogre is lightly wounded.
You completely miss the ogre.
The ogre is lightly wounded.
The ogre hits you with a +0 giant club!
You hit the ogre. You burn the ogre.
The ogre is heavily wounded.
The ogre hits you with a +0 giant club! The orc hits you with a +0 short sword.
* * * LOW HITPOINT WARNING * * *
You are too injured to fight recklessly!
You are too injured to fight recklessly!
You are too injured to fight recklessly!
You are too injured to fight recklessly!
The orc hits you with a +0 short sword.
* * * LOW HITPOINT WARNING * * *
The orc closely misses you.
You hit the orc. You burn the orc.
You kill the orc!
Qazlal accepts your kill. The ogre hits you with a +0 giant club!
* * * LOW HITPOINT WARNING * * *
You see here a +0 short sword.
You hit the ogre. You burn the ogre.
The ogre is severely wounded.
The ogre hits you with a +0 giant club!
You die...

#≈≈≈#####≈≈≈# ... ####
#≈≈≈#...#≈≈≈# #. )..#
#≈≈≈#.>.#≈≈≈#>.. #. ##.##
#≈≈≈#...#≈≈≈#... # #. #...#
#≈≈≈##.##≈≈≈#...#.##.#. #)..###
#≈≈≈≈#.#≈≈≈≈##.##..<... ......#
#≈≈≈≈#.#≈≈≈≈##.######## ......#
#≈≈≈≈#O#≈≈≈≈##.###.## # ......###
######@#######.##...###
#.......#####....####..........#.
#...###...............##......)..
#..#..................####.......
#..#.##...............# ##...##.
#..#.##.#####...####### ##.###.
#.......# #...# ###.# ##
#.##.#### ###...# #...# #.##.#
#.....# #.######


You could see an ogre.

Vanquished Creatures
  Sigmund (D:4)
  2 water moccasins (D:5)
  An ice beast (D:6)
  A black bear (shapeshifter) (D:4)
  A black bear (D:4)
  An ogre (D:4)
  2 phantoms (D:4)
  Blork the orc (D:4)
  3 scorpions
  A water moccasin zombie (D:5)
  A water moccasin skeleton (D:4)
  2 centaur zombies
  5 hounds
  A jelly (D:5)
  A bullfrog skeleton (D:4)
  An orc priest (D:4)
  Crazy Yiuf (D:3)
  A gnoll shaman (D:6)
  Jessica (D:2)
  Ijyb (D:4)
  2 iguanas
  An orc wizard (D:4)
  A scorpion zombie (D:5)
  12 gnolls
  12 adders
  2 worms
  A dart slug (D:1)
  12 orcs
  8 bats
  8 endoplasms
  2 giant cockroaches
  8 goblins
  6 hobgoblins
  10 jackals
  8 kobolds
  3 quokkas
  5 ball pythons
  5 frilled lizards
  2 rats
137 creatures vanquished.

Vanquished Creatures (others)
  A quokka (D:6)
  138 foxfires (Temple)
139 creatures vanquished.

Grand Total: 276 creatures vanquished

Notes
Turn   | Place    | Note
-------+----------+-------------------------------------------
     0 | D:1      | HallandMoats the Ghoul Fighter began the quest for the Orb.
     0 | D:1      | Reached XP level 1. HP: 19/19 MP: 0/0
    33 | D:1      | Reached XP level 2. HP: 25/26 MP: 1/1
    51 | D:1      | Found a faded altar of an unknown god.
    71 | D:1      | Prayed at the altar of an unknown god.
    71 | D:1      | Became a worshipper of Ignis, the Dying Flame
   407 | D:1      | Reached XP level 3. HP: 25/31 MP: 2/2
   725 | D:2      | Reached skill level 1 in Dodging
   827 | D:2      | Reached XP level 4. HP: 29/40 MP: 3/3
  1147 | D:2      | Noticed Jessica
  1156 | D:2      | Killed Jessica
  1157 | D:2      | Reached XP level 5. HP: 37/46 MP: 4/4
  1393 | D:3      | Reached skill level 4 in Fighting
  1788 | D:3      | Found a runed translucent door.
  1789 | D:3      | Noticed Crazy Yiuf
  1846 | D:3      | Found a hide-covered altar of Uskayaw.
  2052 | D:3      | Killed Crazy Yiuf
  2392 | D:4      | Noticed a shapeshifter
  2392 | D:4      | a jelly changed into a shapeshifter
  2392 | D:4      | Noticed a black bear
  2392 | D:4      | a shapeshifter changed into a black bear
  2397 | D:4      | Killed a black bear
  2398 | D:4      | Reached skill level 1 in Invocations
  2398 | D:4      | Reached XP level 6. HP: 43/52 MP: 5/5
  2609 | D:4      | Reached XP level 7. HP: 22/60 MP: 7/7
  2836 | D:4      | Noticed Blork the orc
  2841 | D:4      | Killed Blork the orc
  2970 | D:4      | Noticed Sigmund
  2974 | D:4      | Reached skill level 5 in Fighting
  3295 | D:4      | Killed Sigmund
  3296 | D:4      | Reached XP level 8. HP: 54/68 MP: 9/9
  3604 | D:4      | Noticed Ijyb
  3608 | D:4      | Killed Ijyb
  4182 | D:5      | Entered Level 5 of the Dungeon
  4481 | D:5      | Reached skill level 5 in Armour
  4508 | D:5      | Reached skill level 6 in Fighting
  4813 | D:5      | Reached XP level 9. HP: 53/75 MP: 11/11
  5501 | D:6      | Found a staircase to the Ecumenical Temple.
  5509 | D:6      | Noticed spaghetti's ghost (novice GnWn)
  5539 | Temple   | Entered the Ecumenical Temple
  5544 | D:6      | Found a blossoming altar of Fedhas.
  5764 | D:6      | Reached skill level 5 in Axes
  5925 | D:6      | Found a runed translucent gate.
  5927 | D:6      | Found a runed translucent gate.
  5927 | D:6      | Found a runed translucent gate.
  6145 | Temple   | Fell from the grace of Ignis
  6155 | Temple   | Became a worshipper of Qazlal Stormbringer
  6179 | D:6      | Mangled by an ogre

Illustrated notes

Levels and vault maps discovered:
D:1:      minmay_arrival_four_circles, layout_basic, basic_ecumenical_altar,
          minmay_strange_pillars
D:2:      layout_rooms, minmay_3d_cube, uniq_jessica
D:3:      cheibrodos_helix_gallery, layout_loops_ring,
          nicolae_uskayaw_dance_hall, uniq_crazy_yiuf_cottage
D:4:      layout_loops_ring, uniq_blork_the_orc, uniq_ijyb, uniq_sigmund
D:5:      layout_basic
D:6:      layout_loops_cross, mainiacjoe_overflow_large_starburst,
          jmf_multi_god_temple2, elyvilon_altar_4, minmay_temple_entry_poolview,
          gammafunk_ghost_split, amethyst_killhole
Temple:   regret_index_temple_sphere_string

Skill      XL: |  1  2  3  4  5  6  7  8  9 |
---------------+----------------------------+-----
Shields        | 3 4 |  4.0
Axes           | 2 3 4 5 |  5.0
Armour         | 3 4 5 |  5.5
Dodging        | 1 2 3 4 |  4.5
Fighting       | 4 5 6 |  6.5
Invocations    | 1 3 4 |  4.9

Action                   |  1- 3 |  4- 6 |  7- 9 || total
-------------------------+-------+-------+-------++-------
Melee: War axe           |    99 |   112 |       ||   211
       Quarterstaff      |       |    58 |   117 ||   175
       Spear             |       |       |    88 ||    88
Invok: Foxfire Swarm     |       |       |     8 ||     8
       Rising Flame      |       |       |     1 ||     1
       Renounce Religion |       |       |     1 ||     1
  Use: Potion            |       |     1 |       ||     1
 Stab: Paralysed         |       |       |     2 ||     2
Armor: Scale mail        |    51 |   117 |    83 ||   251
Dodge: Dodged            |    52 |   101 |   127 ||   280
Block: Buckler           |    23 |    34 |    17 ||    74

Table legend: (Time is in decaauts)
 A = Elapsed time spent in this place.
 B = Non-inter-level travel time spent in this place.
 C = Inter-level travel time spent in this place.
 D = Time resting spent in this place.
 E = Time spent auto-exploring this place.
 F = Levels seen in this place.
 G = Mean time per level.
                   A        B        C        D        E       F      G
               +--------+--------+--------+--------+--------+-----+--------+
         Total |   6328 |   6216 |    112 |    629 |   4374 |   7 |  904.0 |
       Dungeon |   6132 |   6020 |    112 |    482 |   4374 |   6 | 1022.0 |
        Temple |    196 |    196 |      0 |    147 |      0 |   1 |  196.0 |
               +--------+--------+--------+--------+--------+-----+--------+

Top non-repeatable levels by time:
     D:4: 1680 daAuts
     D:3: 1367 daAuts
     D:5: 1107 daAuts
     D:2: 711 daAuts
     D:1: 662 daAuts
     D:6: 602 daAuts
  Temple: 196 daAuts
